 Dungeon Crawl Stone Soup version 0.27-a0-1456-gf5a116941d (webtiles) character file.

Game seed: 16483995764749385766

16 Sobieck the Insei (level 2, -3/29 HPs)
             Began as a Gnoll Monk on July 5, 2021.
             Slain by Grinder (5 damage)
             ... while paralysed by Grinder
             ... on level 4 of the Dungeon.
             The game lasted 00:01:08 (581 turns).

Sobieck the Insei (Gnoll Monk)                       Turns: 581, Time: 00:01:08

Health: -3/29      AC:  2    Str: 10    XL:     2   Next: 54%
Magic:  2/2        EV:  2    Int:  9    God:
Gold:   39         SH:  0    Dex: 14    Spells: 1/1 levels left

rFire    . . .     SeeInvis .     - Unarmed
rCold    . . .     Faith    .   (no shield)
rNeg     . . .     Spirit   .   a - +0 robe
rPois    .         Reflect  .   (no helmet)
rElec    .         Harm     .   (no cloak)
rCorr    .         Rampage  .   (no gloves)
Will     .....                  (no boots)
Stlth    +++.......             (no amulet)
HPRegen  0.09/turn              (no ring)
MPRegen  0.08/turn              (no ring)

@: paralysed
A: fangs 1, strong nose, distributed training
a: no special abilities


You were on level 4 of the Dungeon.
You visited 1 branch of the dungeon, and saw 5 of its levels.

You collected 39 gold pieces.


Innate Abilities, Weirdness & Mutations

You have very sharp teeth.
Your uncanny sense of smell can sniff out nearby items.
Your experience applies equally to all skills.


   Skills:
 + Level 6.5 Fighting
 + Level 0.4 Short Blades
 + Level 0.4 Long Blades
 + Level 0.4 Axes
 + Level 0.4 Maces & Flails
 + Level 0.4 Polearms
 + Level 0.4 Staves
 + Level 0.4 Slings
 + Level 0.4 Bows
 + Level 0.4 Crossbows
 + Level 0.4 Throwing
 + Level 0.4 Armour
 + Level 6.5 Dodging
 + Level 4.1 Stealth
 + Level 0.4 Shields
 + Level 6.5 Unarmed Combat
 + Level 0.4 Spellcasting
 + Level 0.2 Conjurations
 + Level 0.2 Hexes
 + Level 0.2 Summonings
 + Level 0.2 Necromancy
 + Level 0.2 Translocations
 + Level 0.2 Transmutations
 + Level 0.2 Fire Magic
 + Level 0.2 Ice Magic
 + Level 0.2 Air Magic
 + Level 0.2 Earth Magic
 + Level 0.2 Poison Magic
 + Level 0.5 Invocations
 + Level 0.4 Evocations


You had one spell level left.
You didn't know any spells.
Your spell library contained the following spells:

 Spells                   Type           Power      Damage    Failure   Level
 Sandblast                Erth           0%         2d4       34%         1
 Passwall                 Tmut/Erth      0%         N/A       47%         2
 Lee's Rapid Deconstruct  Erth           0%         3d5*      100%        5

Inventory:

Missiles
 e - 24 sling bullets
Armour
 a - a +0 robe (worn)
 f - a scarf of shadows
   (You found it on level 4 of the Dungeon)
Jewellery
 i - an amulet of the acrobat
   (You found it on level 4 of the Dungeon)
Scrolls
 b - a scroll of noise {unknown}
 d - a scroll of identify {unknown}
 g - a scroll of amnesia {unknown}
 h - a scroll of teleportation {unknown}
Potions
 c - a potion of cancellation {unknown}

Dungeon Overview and Level Annotations

Branches:
Dungeon (5/15)
 Temple: D:4-7

Altars:

Shops:
D:4 *

Annotations:
D:4 Grinder

.. #.. ∆ #... #. #...#+#
#..#. #...... ##.#. ....5..
....########
....[..##########.........#
..............5.#.........#
..####.########@#......)..+
#. #.#.........### #.
#.#............. #.
#.#...########### #.
#.#...# #......## #S
#.#.#.# #.####..# #.
#.#.#.## #.# #...
#.#.#..###.# #.8.
#.#.#......####...


You could see Grinder.


Message History

You climb upwards.
There is a stone staircase leading down here. 😎 HP[+1]
Your hp is fully restored (29).
You climb downwards.
There is a stone staircase leading up here.
The helpless hobgoblin fails to defend itself.
You hit the hobgoblin.
You bite the hobgoblin, but do no damage.
The hobgoblin hits you. 😕 HP[-2]
You take 2 damage, and now have 27/29 hp.
You barely miss the hobgoblin. The hobgoblin hits you. 😕 HP[-2]
You take 2 damage, and now have 25/29 hp.
You barely miss the hobgoblin. The hobgoblin barely misses you.
You hit the hobgoblin.
You kill the hobgoblin! 😕 HP[+1]
You start resting. 😎 HP[+3]
Your hp is fully restored (29).
Unknown command.
There is a stone staircase leading down here.
You climb downwards.
There is a stone staircase leading up here.
Found Saodum's Assorted Antiques.
Found a stone staircase leading up.
Unknown command.
Found a stone staircase leading down.
There is an entrance to Saodum's Assorted Antiques here.
Unknown command.
(D) Dungeon
Where to? (Enter - D:3, ? - help)
There is a stone staircase leading down here.
You climb downwards.
You hear the sound of rushing water.
There is an entrance to a sewer on this level.
Hurry and find it before the portal rusts away!
There is a stone staircase leading up here.
You climb upwards.
There is a stone staircase leading down here.
There is an entrance to Saodum's Assorted Antiques here.
There is a stone staircase leading up here.
d - a scroll labelled IHUSUG QOGHET
There is a stone staircase leading up here.
You climb upwards.
There is a stone staircase leading down here.
You climb downwards.
There is a stone staircase leading up here.
There is an entrance to Saodum's Assorted Antiques here.
There is a stone staircase leading down here.
e - 24 sling bullets You now have 24 gold pieces (gained 7).
f - a scarf of shadows
g - a scroll labelled TUEPNI RIZEE A goblin comes into view.
It is wielding a +0 club.
You see here a scroll labelled DYLYIGG AXKO.
The goblin shouts!
You closely miss the goblin.
The goblin hits you with a +0 club. 😕 HP[-4]
You take 4 damage, and now have 25/29 hp.
You hit the goblin. The goblin misses you.
You closely miss the goblin.
The goblin hits you with a +0 club. 😕 HP[-3]
You take 3 damage, and now have 22/29 hp.
You closely miss the goblin. The goblin barely misses you.
You punch the goblin!
You kill the goblin!
No target in view!
Things that are here:
a +0 club {mace}; a goblin corpse; 😎 HP[+7]
Your hp is fully restored (29).
h - a scroll labelled DYLYIGG AXKO You now have 39 gold pieces (gained 15).
Grinder and a skeleton come into view.
An adder comes into view.
You see here an amulet of the acrobat.
i - an amulet of the acrobat Grinder gestures at you.
Pain shoots through your body! 😮 HP[-8]
You take 8 damage, and now have 21/29 hp.
MASSIVE DAMAGE!! (PAUSE) Grinder blinks!
You start resting.
Grinder is nearby! 😕 HP[+1] Grinder completely misses you.
You hit Grinder. Grinder gestures at you.
You suddenly lose the ability to move!
Grinder hits you!
* * * LOW HITPOINT WARNING * * *
You writhe in agony.
* * * LOW HITPOINT WARNING * * *
Grinder hits you.
* * * LOW HITPOINT WARNING * * *
Grinder hits you.
* * * LOW HITPOINT WARNING * * *
You writhe in agony.
You die...

Action                   || total
-------------------------++-------
Melee: Unarmed           ||    36
       Punch             ||     2
       Bite              ||     1
 Stab: Sleeping          ||     2
Armor: Robe              ||     2
Dodge: Dodged            ||    18

Levels and vault maps discovered:
D:1:      lightli_arrival_statue_moat, layout_basic
D:2:      layout_loops_ring, serial_shops, shop,
          shapermc_ecumenical_altar_flowoftime, grunt_decor_one_mirror,
          minmay_misc_feat_columns
D:3:      minmay_octagon_keep, layout_rooms, amcnicky_altar_gilded
D:4:      layout_basic, serial_shops, nicolae_shop_behind_doors,
          nicolae_stop_n_shop_1, uniq_pikel, uniq_blork_the_orc, uniq_grinder
D:5:      layout_gridville, temple_doors_e, cheibrodos_sewer_entry_bend

Notes
Turn   | Place    | Note
-------+----------+-------------------------------------------
     0 | D:1      | Sobieck the Gnoll Monk began the quest for the Orb.
     0 | D:1      | Reached XP level 1. HP: 23/23 MP: 1/1
     0 | D:1      | magus.rc [v1.9.6]
   140 | D:1      | Reached XP level 2. HP: 29/29 MP: 2/2
   301 | D:3      | You pick up a book of Geomancy and begin reading...
   301 | D:3      | You add the spells Sandblast, Passwall and Lee's Rapid
                  | Deconstruction to your library.
   379 | D:4      | Found Saodum's Assorted Antiques.
   388 | D:5      | Entered Level 5 of the Dungeon
   563 | D:4      | Noticed Grinder
   578 | D:4      | Paralysed by Grinder for 3 turns
   580 | D:4      | HP: 7/29 [Grinder (1)]
   581 | D:4      | HP: 2/29 [Grinder (5)]
   581 | D:4      | Slain by Grinder

Vanquished Creatures
  2 dart slugs (D:1)
  A ball python (D:1)
  3 goblins
  A hobgoblin (D:3)
  A kobold (D:3)
  A quokka (D:1)
  A frilled lizard (D:3)
10 creatures vanquished.

Table legend:
 A = Non-vault XP
 B = Vault XP
 C = Vault XP percentage of total XP
 D = Non-vault monster count
 E = Vault monster count
 F = Vault count percentage of total count
                 A         B        C        D         E       F
            +---------+---------+-------+---------+---------+-------
      Total |      23 |       0 |   0.0 |      10 |       0 |   0.0
            +---------+---------+-------+---------+---------+-------
        D:1 |      16 |       0 |   0.0 |       6 |       0 |   0.0
        D:3 |       5 |       0 |   0.0 |       3 |       0 |   0.0
        D:4 |       2 |       0 |   0.0 |       1 |       0 |   0.0
            +---------+---------+-------+---------+---------+-------

Illustrated notes

Table legend:
 A = Kills in this place as a percentage of kills in entire the game.
 B = Kills by you in this place as a percentage of kills by you in the entire game.
 C = Kills by friends in this place as a percentage of kills by friends in the entire game.
 D = Other kills in this place as a percentage of other kills in the entire game.
 E = Experience gained in this place as a percentage of experience gained in the entire game.
 F = Experience gained in this place divided by the number of levels of this place that you have seen.
                   A       B       C       D       E      F
               +-------+-------+-------+-------+-------+----------------------
         Total | 100.0 | 100.0 |   N/A |   N/A | 100.0 |   4.6
       Dungeon | 100.0 | 100.0 |   N/A |   N/A | 100.0 |   4.6
               +-------+-------+-------+-------+-------+----------------------

Table legend: (Time is in decaauts)
 A = Elapsed time spent in this place.
 B = Non-inter-level travel time spent in this place.
 C = Inter-level travel time spent in this place.
 D = Time resting spent in this place.
 E = Time spent auto-exploring this place.
 F = Levels seen in this place.
 G = Mean time per level.
                   A        B        C        D        E       F      G
               +--------+--------+--------+--------+--------+-----+--------+
         Total |    578 |    553 |     25 |    226 |    192 |   5 |  115.6 |
       Dungeon |    578 |    553 |     25 |    226 |    192 |   5 |  115.6 |
               +--------+--------+--------+--------+--------+-----+--------+

Top non-repeatable levels by time:
     D:1: 273 daAuts
     D:4: 215 daAuts
     D:3: 78 daAuts
     D:2: 8 daAuts
     D:5: 1 daAuts
